 Dungeon Crawl Stone Soup version 0.31-a0-986-g5e6e4ef867 (webtiles) character file.

Game seed: 15346490326122512608

162 mandarbmax the Ruffian (level 5, 0/57 HPs)
             Began as a Demonspawn Shapeshifter on Nov 10, 2023.
             Slain by a small abomination (19 damage)
             ... on level 3 of the Dungeon.
             The game lasted 00:05:27 (2294 turns).

mandarbmax the Ruffian (Demonspawn Shapeshifter)    Turns: 2294, Time: 00:05:28

Health: 0/57       AC:  2    Str: 16    XL:     5   Next: 19%
Magic:  5/5        EV: 12    Int: 12    God:
Gold:   140        SH:  0    Dex: 12    Spells: 4/4 levels left

rFire   . .          .
                       - Unarmed
rCold   . . .        (no shield)
rNeg    . . .        a - +0 animal skin
rPois   .            (helmet currently unavailable)
rElec   .            (cloak currently unavailable)
rCorr   .            (gloves currently unavailable)
SInv    .            (boots currently unavailable)
Will    .....        n - amulet of the acrobat Stlth
                     (no ring)
HPRegen 0.29/turn    (no ring)
MPRegen 0.09/turn

%: acrobat
@: berserking, beast-form, very quick
A: beast (slay +1), demonic touch 2
a: Begin Untransformation


You were on level 3 of the Dungeon.
You were a hulking beast.
You visited 1 branch of the dungeon, and saw 3 of its levels.

You collected 140 gold pieces.

Inventory:

Armour
 a - a +0 animal skin (worn)
 g - a +2 pair of gloves
 j - a +0 cloak
 q - a +0 helmet
 r - a +0 pair of boots
Jewellery
 n - an amulet of the acrobat (around neck)
Talismans
 c - a beast talisman
 d - a flux talisman
Scrolls
 l - a scroll of vulnerability {unknown}
 m - a scroll of enchant armour {unknown}
 o - a scroll of blinking {unknown}
 s - a scroll of poison {unknown}
 t - a scroll of silence {unknown}
 u - a scroll of fog {unknown}
Potions
 b - 2 potions of lignification
 f - 3 potions of degeneration {unknown}
 i - 2 potions of enlightenment
 p - 2 potions of might {unknown}


   Skills:
 + Level 1.7 Fighting
 + Level 2.4 Dodging
 * Level 4.4 Unarmed Combat
 + Level 3.2 Shapeshifting


You had 4 spell levels left.
You didn't know any spells.
Your spell library contained the following spells:

 Spells                   Type           Power      Damage    Failure   Level
 Apportation              Tloc           0%         N/A       32%         1
 Jinxbite                 Hex            0%         N/A       45%         2
 Tukima's Dance           Hex            0%         N/A       69%         3
 Dimensional Bullseye     Hex/Tloc       0%         N/A       97%         4
 Iskenderun's Mystic Bla  Conj/Tloc      0%         2d3       97%         4
 Alistair's Intoxication  Tmut/Pois      0%         N/A       100%        5


Dungeon Overview and Level Annotations

Branches:
Dungeon (3/15)

Altars:

Shops:
D:3 (

Portals:
Abyss: D:3

Annotations:
D:3 1 transporter, p00ps00p's ghost, weakling HOFi


Innate Abilities, Weirdness & Mutations

You are a hulking beast.
Your limbs bulge with bestial killing power. (Slay +1)
Your touch may inflict irresistible damage on your foes.


Message History

As you read the scroll labelled BAMUKOEXTI, it crumbles to dust.
It is a scroll of identify.
h - a potion of berserk rage
As you read the scroll of identify, it crumbles to dust.
k - a potion of heal wounds
As you read the scroll of identify, it crumbles to dust.
i - 2 potions of enlightenment
Okay, then.
You enter the transporter and appear at another place.
The kobold brigand shouts!
The kobold brigand completely misses you.
You barely miss the kobold brigand.
You touch the kobold brigand!
The kobold brigand is heavily wounded.
You hit the kobold brigand.
The kobold brigand is heavily wounded.
The small abomination enters a dispersal trap!
The kobold brigand blinks!
You blink.
You hit the kobold brigand. Your touch misses the kobold brigand.
The kobold brigand is severely wounded.
The kobold brigand hits you with a +1 whip of distortion!
Space warps horribly around you!
Ouch! That really hurt!
* * * LOW HITPOINT WARNING * * *
You barely miss the kobold brigand.
You touch the kobold brigand!
You kill the kobold brigand!
You have reached level 5!
You feel much better. The small abomination hits you!
A red film seems to cover your vision as you go berserk!
You feel yourself moving faster!
You feel mighty!
The small abomination barely misses you.
You punch the small abomination!
The small abomination is moderately damaged.
The small abomination misses you.
You barely miss the small abomination.
The small abomination is moderately damaged.
The crimson imp shouts!
You hit the small abomination.
The small abomination is heavily damaged.
The small abomination hits you!!
You die...

..............##.##.x%. ##...##
.###.#.###...##.###.x.#..##......
...#<#.####.©#..###.©.#..#.......
##.#.........##..#.###∩..###.(.##
##.#.######...# K.##.### ##....
.#.#.######...##.##....## #.#....
.#...........##5#####...##..#..#.
.#...######..#.)#.#^##..##.##..#.
.....# #..##xh...©#..#..#...#.
.#..## #...####..##..##.#.....
.#..# ##......####....###.....
##..# #........##...........#.
##..######.....................#.
...............................#.
#.................###.##..#.####.
#.#.#.####.#................# #.
..#.#..# #.#......###.###...# #.


You could see a small abomination and a crimson imp.

Vanquished Creatures
  A kobold brigand (D:3)
  An orc priest (D:3)
  2 adders
  3 orcs (D:3)
  5 ball pythons
  6 endoplasms
  5 giant cockroaches
  2 goblins
  2 quokkas
  7 bats
  A frilled lizard (D:2)
  3 kobolds
  2 rats
40 creatures vanquished.

Notes
Turn   | Place    | Note
-------+----------+-------------------------------------------
     0 | D:1      | mandarbmax the Demonspawn Shapeshifter began the quest for
                  | the Orb.
     0 | D:1      | Reached XP level 1. HP: 15/15 MP: 1/1
   146 | D:1      | Reached skill level 3 in Unarmed Combat
   278 | D:1      | Discovered your monstrous ancestry.
   278 | D:1      | Gained mutation: Your touch may inflict minor irresistible
                  | damage on your foes. [demonic ancestry]
   278 | D:1      | Reached XP level 2. HP: 17/21 MP: 2/2
  1073 | D:2      | Gained mutation: Your touch may inflict irresistible damage
                  | on your foes. [demonic ancestry]
  1073 | D:2      | Reached XP level 3. HP: 26/26 MP: 3/3
  1239 | D:2      | Reached skill level 4 in Unarmed Combat
  1588 | D:3      | Found Cungoadd's Antique Weapon Shop.
  1762 | D:3      | Noticed a kobold brigand
  1766 | D:3      | Found a transporter.
  1767 | D:3      | Found a one-way gate to the infinite horrors of the Abyss.
  1768 | D:3      | Found a transporter.
  1774 | D:3      | Reached XP level 4. HP: 32/32 MP: 4/4
  1859 | D:3      | Noticed a toenail golem
  1859 | D:3      | Noticed p00ps00p's ghost (weakling HOFi)
  2289 | D:3      | Killed a kobold brigand
  2290 | D:3      | Reached XP level 5. HP: 7/38 MP: 5/5
  2294 | D:3      | Slain by a small abomination

Illustrated notes

Levels and vault maps discovered:
D:1:      roderic_crop_circles_arrival_small, layout_loops_ring
D:2:      layout_basic
D:3:      layout_basic, serial_shops, shop, gammafunk_ghost_abyssal_escape

Skill      XL: |  1  2  3 |
---------------+----------+-----
Unarmed Combat | 3 4 |  4.4
Dodging        | 2 |  2.4
Shapeshifting  | 3 |  3.2
Fighting       | |  1.7

Action                     |  1- 3 |  4- 6 || total
---------------------------+-------+-------++-------
  Melee: Unarmed           |    86 |    15 ||   101
         Touch             |     6 |     6 ||    12
         Punch             |     2 |       ||     2
    Use: Scroll            |       |     3 ||     3
         Potion            |       |     2 ||     2
   Stab: Sleeping          |     3 |       ||     3
         Distracted        |     1 |       ||     1
 Armour: Animal skin       |    31 |     6 ||    37
  Dodge: Dodged            |    69 |     5 ||    74

Table legend: (Time is in decaauts)
 A = Elapsed time spent in this place.
 B = Non-inter-level travel time spent in this place.
 C = Inter-level travel time spent in this place.
 D = Time resting spent in this place.
 E = Time spent auto-exploring this place.
 F = Levels seen in this place.
 G = Mean time per level.
                   A        B        C        D        E       F      G
               +--------+--------+--------+--------+--------+-----+--------+
         Total |   2286 |   2144 |    142 |      2 |   1832 |   3 |  762.0 |
       Dungeon |   2286 |   2144 |    142 |      2 |   1832 |   3 |  762.0 |
               +--------+--------+--------+--------+--------+-----+--------+

Top non-repeatable levels by time:
     D:1: 854 daAuts
     D:3: 734 daAuts
     D:2: 697 daAuts
